 Dungeon Crawl Stone Soup version 0.14-a0-3278-gb24e923 (webtiles) character file.

1331 Psiweapon the Bolt Thrower (level 8, -2/43 HPs)
             Began as a Kobold Hunter on Mar 12, 2014.
             Slain by an ogre
             ... wielding a +0,+0 giant club
              (21 damage)
             ... on Level 5 of the Dungeon on Mar 13, 2014.
             The game lasted 00:31:11 (6747 turns).

Psiweapon the Bolt Thrower (Kobold Hunter)          Turns: 6747, Time: 00:31:11

HP  -2/43        AC  9     Str 12      XL: 8   Next: 52%
MP   7/8         EV 11     Int 13      God:
Gold 267         SH  0     Dex 17      Spells:  2 memorised,  2 levels left

rFire  . . .     SeeInvis .     L - +0 blowgun
rCold  . . .     Clarity  +     s - +1 ring mail {MR+}
rNeg   . . .     Conserve .     (no shield)
rPois  .         rCorr    .     D - +2 helmet {Int+3}
rElec  .         rRot     .     (no cloak)
SustAb . .       Spirit   .     (no gloves)
rMut   .         Warding  .     (no boots)
Saprov + + .     Stasis   .     B - amulet of clarity
MR     +....                    Y - +1 ring of intelligence
                                o - ring of wizardry

@: somewhat resistant to hostile enchantments, stealthy
A: disease resistance, carnivore 3, saprovore 2
a: no special abilities


You were on level 5 of the Dungeon.
You were full.

You visited 1 branch of the dungeon, and saw 6 of its levels.

You collected 267 gold pieces.

Inventory:

Hand weapons
 a - a +0,+0 short sword
 b - a +1,+1 crossbow
 e - a +2,+2 dagger of pain
 n - a cursed -3,-3 whip
 u - a +1,+3 falchion
 L - a +0 blowgun (weapon)
 O - a +0,+0 mace of crushing
Missiles
 c - 3 bolts
 l - 5 darts of frost
 C - 23 poisoned sling bullets
 J - 14 poisoned needles (quivered)
 T - 30 sling bullets
Armour
 d - a +0 leather armour
 s - a +1 ring mail of magic resistance (worn)
 D - a +2 helmet of intelligence (worn)
 U - a cursed +0 robe
Magical devices
 w - a wand of random effects (0)
 N - a wand of confusion (1)
Comestibles
 f - a meat ration
 S - a sausage
Scrolls
 g - 2 scrolls of magic mapping
 i - a scroll of recharging {unknown}
 k - 2 scrolls of enchant armour {unknown}
 m - 5 scrolls of blinking
 p - a scroll of fear {unknown}
 t - a scroll of fog {unknown}
 v - 2 scrolls of random uselessness {unknown}
 y - a scroll of amnesia {unknown}
 z - 4 scrolls of remove curse {unknown}
 F - a scroll of enchant weapon II {unknown}
 G - 3 scrolls of immolation {unknown}
 I - 2 scrolls of enchant weapon I {unknown}
 K - 3 scrolls of teleportation {unknown}
 X - a scroll of noise {unknown}
Jewellery
 o - a ring of wizardry (left hand)
 B - an amulet of clarity (around neck)
 E - an uncursed ring of protection from fire
 P - an uncursed ring of sustain abilities {unknown}
 Y - a +1 ring of intelligence (right hand)
 Z - an uncursed amulet of stasis
Potions
 h - a potion of lignification {unknown}
 j - 9 potions of curing
 q - a potion of might {unknown}
 r - 2 potions of heal wounds {unknown}
 A - a potion of restore abilities
 H - a potion of brilliance
 R - a potion of magic {unknown}
 V - a potion of confusion {unknown}
 W - a potion of flight {unknown}
Books
 M - a book of Spatial Translocations

   Spells                             Type                      Level
   Apportation                        Translocation                1
   *Blink                             Translocation                2
   Shroud of Golubria                 Charms/Translocation         2
   *Portal Projectile                 Translocation                3
   Teleport Other                     Translocation                3
   Passage of Golubria                Translocation                4


   Skills:
 - Level 1.1 Fighting
 - Level 6.1 Short Blades
 - Level 7.6 Crossbows
 - Level 3.5 Throwing
 - Level 2.4 Dodging
 + Level 4.8 Stealth
 + Level 4.4 Translocations


You had 2 spell levels left.
You knew the following spells:

 Your Spells              Type           Power        Failure   Level  Hunger
a - Blink                 Tloc           N/A          6%          2    ###....
b - Portal Projectile     Tloc           ##....       12%         3    ####...


Dungeon Overview and Level Annotations

Branches:
Dungeon (6/15)
 Temple: D:4-7

Altars:
Elyvilon
Makhleb


Innate Abilities, Weirdness & Mutations

You recuperate from illness quickly.
You are small and have problems with some larger weapons.
You are carnivorous and can eat meat at any time.
You can eat rotten meat.


Message History

The ogre hits you with a giant club.
Casting: Blink
Confirm with . or Enter, or press ? or * to list all spells.
You blink.
Wield which item (- for none, * to show all)? (? for menu, Esc to quit)
L - a +0 blowgun (weapon)
Firing (i - inventory. (,) - cycle):
J - 16 poisoned needles (quivered)
Press: ? - help, Shift-Dir - straight line, f/p - ogre
Aim: an ogre, wielding a giant club (translocational energy, moderately wounded)
You shoot a poisoned needle. The poisoned needle hits the ogre.
The ogre is poisoned.
The ogre is moderately wounded.
Firing (i - inventory. (,) - cycle):
J - 15 poisoned needles (quivered)
Press: ? - help, Shift-Dir - straight line, f/p - ogre
Aim: an ogre, wielding a giant club (heavily wounded, poisoned)
You shoot a poisoned needle. The poisoned needle hits the ogre.
The ogre looks even sicker.
The ogre is heavily wounded.
The ogre hits you with a giant club!
You die...

##.....# ###....##
#.....### #.%(>(###
###.....#
###.....###
##...(### ##......#
#......# ##..[..#
###....########...#
##....##...#....#
##........O...##
#.......@...##
###....#...##
##########


You could see an ogre.

Vanquished Creatures
  The ghost of bmpenner the Firebug, an average HEFE (D:3)
  A sky beast (D:5)
  An orc warrior (D:6)
  A centaur (D:6)
  A giant frog (D:6)
  A scorpion (D:6)
  A wight (D:5)
  2 crimson imps
  A hound (D:5)
  2 orc wizards
  Natasha (thrice) (D:3)
  An iguana (D:5)
  Jessica (D:2)
  A hound skeleton (D:3)
  7 adders
  3 gnolls (D:2)
  A worm zombie (D:5)
  An inept item mimic (D:3)
  A giant mite (D:3)
  5 worms
  3 giant geckos
  An ooze (D:3)
  11 orcs
  2 ball pythons
  3 giant cockroaches
  11 hobgoblins
  3 jackals
  17 kobolds
  6 bats
  A giant gecko skeleton (D:4)
  8 giant newts
  11 goblins
  A hobgoblin zombie (D:5)
  A quokka skeleton (D:5)
  7 rats
122 creatures vanquished.

Vanquished Creatures (collateral kills)
  A kobold (D:3)
1 creature vanquished.

Grand Total: 123 creatures vanquished

Notes
Turn   | Place    | Note
--------------------------------------------------------------
     0 | D:1      | Psiweapon, the Kobold Hunter, began the quest for the Orb.
     0 | D:1      | Reached XP level 1. HP: 12/12 MP: 1/1
    22 | D:1      | Reached skill level 1 in Short Blades
    43 | D:1      | Reached skill level 5 in Crossbows
    45 | D:1      | Reached XP level 2. HP: 10/16 MP: 2/2
   781 | D:1      | Reached XP level 3. HP: 16/20 MP: 3/3
  1288 | D:2      | Reached XP level 4. HP: 25/25 MP: 4/4
  1576 | D:2      | Noticed Jessica
  1589 | D:2      | Killed Jessica
  1589 | D:2      | Reached skill level 6 in Crossbows
  1589 | D:2      | Reached XP level 5. HP: 26/29 MP: 5/5
  2397 | D:3      | Noticed Natasha
  2402 | D:3      | Killed Natasha
  2682 | D:3      | Noticed Natasha
  2705 | D:3      | Noticed bmpenner's ghost (average HEFE)
  2713 | D:3      | Natasha (ally) was killed
  2718 | D:3      | Killed bmpenner's ghost
  2718 | D:3      | Reached skill level 5 in Short Blades
  2718 | D:3      | Reached skill level 7 in Crossbows
  2718 | D:3      | Reached XP level 6. HP: 32/34 MP: 6/6
  2800 | D:3      | Reached XP level 7. HP: 38/38 MP: 7/7
  3044 | D:3      | Noticed Natasha
  3050 | D:3      | Killed Natasha
  3460 | D:3      | Learned a level 2 spell: Blink
  4151 | D:4      | Found a white marble altar of Elyvilon.
  4151 | D:4      | Found a burning altar of Makhleb.
  4345 | D:4      | Reached skill level 1 in Throwing
  4530 | D:5      | Entered Level 5 of the Dungeon
  4662 | D:4      | Reached skill level 1 in Translocations
  4779 | D:5      | Upgraded the game from 0.14-a0-3247-g5fd345f to 0.14-a0-3278-gb24e923
  5554 | D:6      | Learned a level 3 spell: Portal Projectile
  5574 | D:6      | Reached XP level 8. HP: 43/43 MP: 0/8
  6747 | D:5      | Slain by an ogre

Action                   |  1- 3 |  4- 6 |  7- 9 || total
-------------------------+-------+-------+-------++-------
Melee: Dagger            |    74 |    26 |    49 ||   149
       Short sword       |     5 |    37 |    66 ||   108
 Fire: Crossbow          |    11 |    41 |    89 ||   141
       Blowgun           |       |       |    46 ||    46
Throw: Dart              |     1 |       |       ||     1
 Cast: Blink             |       |       |     8 ||     8
       Portal Projectile |       |       |     1 ||     1
Evoke: Wand              |       |     3 |    11 ||    14
  Use: Scroll            |       |     6 |     2 ||     8
       Potion            |       |       |     2 ||     2
 Stab: Sleeping          |     1 |       |       ||     1
